 Dungeon Crawl Stone Soup version 0.18-a0-912-g81d1dc4 (webtiles) character file.

67 filipzpl the Skirmisher (level 4, 30/30 HPs)
             Began as a Gargoyle Berserker on Dec 25, 2015.
             Was a Believer of Trog.
             Quit the game on level 6 of the Dungeon.
             The game lasted 00:04:04 (1617 turns).

filipzpl the Skirmisher (Gargoyle Berserker)        Turns: 1617, Time: 00:04:04

Health: 30/30      AC: 12    Str: 22    XL:     4   Next: 16%
Magic:  4/4        EV:  8    Int:  7    God:    Trog [**....]
Gold:   143        SH:  0    Dex:  9    Spells: 0 memorised, 3 levels left

rFire  . . .     SeeInvis .     a - +0 mace
rCold  . . .     Gourm    .     l - +0 chain mail
rNeg   + . .     Faith    .     (no shield)
rPois  ∞         Spirit   .     (no helmet)
rElec  +         Dismiss  .     (no cloak)
rCorr  .         Reflect  .     (no gloves)
SustAt .         Harm     .     (no boots)
MR     .....                    (no amulet)
Stlth  ..........               (no ring)
                                e - ring of poison resistance

@: not resistant to hostile enchantments, extremely unstealthy
A: negative energy resistance 1, electricity resistance, unbreathing,
petrification resistance, rot immunity, AC +3
a: Berserk, Trog's Hand, Burn Spellbooks, Renounce Religion


You were on level 6 of the Dungeon.
You worshipped Trog.
Trog was pleased with you.
You were not hungry.

You visited 1 branch of the dungeon, and saw 4 of its levels.

You collected 143 gold pieces.

Inventory:

Hand Weapons
 a - a +0 mace (weapon)
Armour
 l - a +0 chain mail (worn)
 n - a +2 pair of boots
Jewellery
 e - a ring of poison resistance (left hand)
 m - a +4 ring of strength {unknown}
Scrolls
 b - 2 scrolls of remove curse {unknown}
 g - 2 scrolls of identify
 h - a scroll of fog {unknown}
 i - 3 scrolls of teleportation
 k - a scroll of enchant weapon {unknown}
Potions
 d - 3 potions of curing {unknown}
 f - a potion of cancellation {unknown}
 j - a potion of might {unknown}
 o - a potion of cure mutation {unknown}
 p - a potion of haste {unknown}
Comestibles
 c - 2 bread rations


   Skills:
 * Level 4.3 Fighting
 * Level 4.1 Maces & Flails
 - Level 2.1 Armour
 - Level 1.5 Dodging


You had 3 spell levels left.
You didn't know any spells.

Dungeon Overview and Level Annotations

Branches:
Dungeon (3/15)

Altars:
Ashenzari
Elyvilon
Kikubaaqudgha
Zin
The Shining One


Innate Abilities, Weirdness & Mutations

You are resistant to torment.
Your stone body is resilient (AC +3).
You are immune to poison.
You resist negative energy.
You are resistant to electric shocks.
You can survive without breathing.
You are immune to petrification.
You are immune to rotting.


Message History

A hound skeleton is nearby!
The hound skeleton completely misses you.
You thump the hound skeleton! The hound skeleton barely misses you.
You hit the hound skeleton.
The hound skeleton bites you but does no damage. x2
You hit the hound skeleton.
The hound skeleton bites you but does no damage.
You hit the hound skeleton. The hound skeleton barely misses you.
The hound skeleton closely misses you.
You completely miss the hound skeleton. The hound skeleton barely misses you.
The hound skeleton barely misses you.
You thump the hound skeleton!
You destroy the hound skeleton!
Your Maces & Flails skill increases to level 4!
You have reached level 4!
You feel stronger.
Welcome back, filipzpl the Gargoyle Berserker.
Trog says: Kill them all!
Press ? for a list of commands and other information.
Are you sure you want to abandon this character and quit the game? (Confirm with "yes".)

.# #.# # #.# #.
#.# #.####.#
...##.# #.##.#
#....# #@##.#
#......##.#
#.##.####.# ...#
#.# ###.# #.#
#.####.# #
#.....[# ###.
#.####.#
....#####......#


There were no monsters in sight!

Vanquished Creatures
  A hound skeleton (D:6)
  An adder (D:2)
  A worm (D:2)
  A giant gecko (D:1)
  An orc (D:3)
  3 giant cockroaches
  7 goblins
  6 hobgoblins
  6 kobolds
  6 bats
  A giant newt (D:2)
  5 rats
39 creatures vanquished.

Notes
Turn   | Place    | Note
--------------------------------------------------------------
     0 | D:1      | filipzpl the Gargoyle Berserker began the quest for the Orb.
     0 | D:1      | Reached XP level 1. HP: 14/14 MP: 1/1
   112 | D:1      | Reached XP level 2. HP: 13/19 MP: 2/2
   828 | D:2      | Found an ancient bone altar of Kikubaaqudgha.
   898 | D:2      | Reached ** piety under Trog
   898 | D:2      | Reached XP level 3. HP: 24/24 MP: 3/3
   934 | D:2      | Found a white marble altar of Elyvilon.
   939 | D:2      | Reached skill level 4 in Fighting
  1113 | D:2      | Found a shattered altar of Ashenzari.
  1219 | D:2      | Found a white marble altar of Elyvilon.
  1219 | D:2      | Found a glowing silver altar of Zin.
  1219 | D:2      | Found a glowing golden altar of the Shining One.
  1579 | D:3      | You fall through a shaft for 3 floors!
  1616 | D:6      | Reached XP level 4. HP: 30/30 MP: 4/4
  1617 | D:6      | Quit the game

Vault maps used:
D:1:      tarquinn_simple_flora_water_b
D:2:      good_gods_mini_temple, kiku_gazebo_pond_becter, old_standard_altar,
          elyvilon_altar_5
D:3:      first_bread, uniq_robin
D:6:      fedhas_altar_decomposition, kennysheep_mini, minmay_temple_entry_grid

Action                   |  1- 3 |  4- 6 || total
-------------------------+-------+-------++-------
Melee: Mace              |   115 |       ||   115
  Use: Scroll            |     3 |       ||     3
  Eat: Meat ration       |     1 |       ||     1
